Map: Santuários de Lizul

Players

NiñoRata - Winner!

  • Race: Zerg Zerg
  • Spawn Location: 12:00

WantedAbyss - Winner!

  • Race: Protoss Protoss
  • Spawn Location: 3:00

DuckKiller

  • Race: Protoss Protoss
  • League: Diamond
  • Spawn Location: 6:00

efelinto

  • Race: Terran Terran
  • League: Diamond
  • Spawn Location: 9:00

VOD

Have the link to the VOD?

Description

Time

  • Played on: April 16, 2017, 1:31 p.m.
  • Length: 11:59
Show
View Real Time Build Order
Export as new Build Order

NiñoRata Zerg - Winner!

Build Orders: Hatch First 

Get SALT Encoding   

  12  0:04  Drone  
  13  0:14  Drone  
  14  0:18  Overlord  
  14  0:44  Drone x3  
  17  1:02  Drone  
  18  1:05  Hatchery  
  18  1:10  Drone  
  18  1:11  Extractor  
  17  1:17  Drone  
  18  1:24  Spawning Pool  
  17  1:28  Drone  
  18  1:44  Drone  
  19  1:53  Overlord  
  19  1:59  Drone  
  20  2:11  Queen  
  20  2:12  Metabolic Boost  
  22  2:17  Queen  
  24  2:24  Drone x3  
  27  2:39  Drone x2  
  29  2:47  Hatchery  
  29  2:50  Drone  
  29  2:52  Drone  
  30  2:59  Drone x2  
  30  3:03  Overlord  
  32  3:13  Overlord  
  32  3:15  Lair  
  32  3:18  Zergling x2  
  33  3:20  Zergling x2  
  34  3:29  Zergling x8  
  38  3:45  Drone x2  
  38  3:46  Drone x3  
  43  3:49  Overlord  
  43  3:58  Queen  
  43  4:00  Queen  
  43  4:02  Drone x2  
  49  4:05  Drone x2  
  51  4:13  Drone  
  51  4:14  Drone x4  
  56  4:19  Overlord  
  55  4:27  Drone x4  
  56  4:42  Drone x6  
  56  4:43  Drone  
  63  4:53  Spire  
  63  4:54  Extractor  
  63  4:55  Drone x2  
  63  4:57  Drone  
  63  4:58  Drone  
  65  5:00  Drone  
  65  5:05  Drone x2  
  66  5:11  Extractor  
  65  5:14  Extractor  
  65  5:15  Drone, Hatchery  
  65  5:18  Zergling x8, Extractor  
  65  5:19  Extractor  
  66  5:33  Zergling x12  
  71  5:49  Drone x3  
  71  5:50  Drone  
  71  5:51  Drone x2  
  71  5:53  Overlord  
  71  5:54  Overlord x3  
  72  6:20  Drone x3  
  72  6:22  Mutalisk x5  
  85  6:31  Zerg Flyer Weapons Level 1  
  85  6:32  Queen  
  85  6:34  Overlord x2  
  85  6:35  Mutalisk x2  
  85  6:37  Zergling x10  
  96  6:50  Drone x3  
  96  6:51  Drone x7  
  106  6:56  Baneling Nest  
  106  6:57  Hatchery  
  106  6:59  Drone x3  
  106  7:00  Evolution Chamber  
  106  7:01  Drone, Evolution Chamber  
  106  7:07  Overlord x2  
  104  7:17  Drone x2  
  104  7:20  Drone x2, Infestation Pit  
  104  7:23  Drone x2  
  104  7:25  Extractor  
  104  7:26  Mutalisk, Extractor  
  104  7:27  Mutalisk x6  
  118  7:35  Hatchery  
  117  7:48  Mutalisk x2  
  117  7:49  Mutalisk x2  
  117  7:51  Zergling x18  
  127  7:55  Zerg Melee Weapons Level 1  
  134  8:13  Corruptor x2  
  134  8:14  Corruptor  
  138  8:38  Drone x12  
  150  8:44  Hive  
  150  8:45  Zerg Ground Armor Level 1, Hatchery  
  145  9:03  Corruptor  
  145  9:04  Corruptor x4  
  155  9:26  Queen, Overlord x5, Evolution Chamber  
  155  9:27  Overlord x6  
  156  9:34  Hydralisk Den  
  156  9:36  Queen, Roach Warren  
  156  9:59  Extractor  
  155  10:01  Extractor  
  155  10:02  Zergling x2, Ultralisk Cavern  
  155  10:03  Zergling x26  
  155  10:04  Zergling x4  
  155  10:05  Zergling x8  
  161  10:21  Queen  
  159  10:30  Drone x2  
  159  10:31  Drone  
  162  10:37  Glial Reconstitution  
  162  10:59  Ultralisk  
  162  11:00  Ultralisk x5  
  198  11:11  Baneling x16  
  198  11:12  Baneling x11  
  198  11:13  Baneling  
  198  11:21  Zergling x2  
Show
View Real Time Build Order
Export as new Build Order

WantedAbyss Protoss - Winner!

Build Orders:  

Get SALT Encoding   

  12  0:03  Probe (Chrono Boost)  
  13  0:13  Probe (Chrono Boost)  
  14  0:20  Pylon  
  14  0:24  Probe (Chrono Boost)  
  15  0:40  Probe (Chrono Boost)  
  16  0:51  Assimilator  
  16  0:55  Probe (Chrono Boost)  
  18  1:11  Probe (Chrono Boost)  
  18  1:13  Nexus  
  18  1:26  Forge  
  18  1:29  Probe (Chrono Boost)  
  19  1:44  Assimilator  
  19  1:48  Assimilator  
  19  1:49  Gateway  
  19  1:52  Probe (Chrono Boost)  
  20  2:01  Pylon  
  20  2:07  Photon Cannon  
  20  2:11  Probe (Chrono Boost)  
  21  2:24  Probe (Chrono Boost)  
  22  2:30  Probe (Chrono Boost)  
  22  2:35  Probe (Chrono Boost)  
  22  2:36  Cybernetics Core  
  24  2:40  Probe (Chrono Boost)  
  25  2:45  Probe (Chrono Boost)  
  26  2:52  Probe (Chrono Boost)  
  26  2:56  Probe (Chrono Boost)  
  26  2:57  Photon Cannon  
  28  3:03  Probe (Chrono Boost)  
  29  3:10  Probe (Chrono Boost)  
  30  3:15  Pylon  
  30  3:16  Mothership Core (Chrono Boost)  
  32  3:20  Probe (Chrono Boost)  
  31  3:31  Probe (Chrono Boost)  
  31  3:43  Probe (Chrono Boost)  
  31  3:46  Probe (Chrono Boost)  
  33  3:52  Stargate  
  33  3:54  Probe (Chrono Boost)  
  34  3:56  Probe (Chrono Boost)  
  35  4:04  Probe (Chrono Boost)  
  35  4:07  Probe (Chrono Boost)  
  37  4:14  Pylon  
  37  4:15  Probe (Chrono Boost)  
  38  4:17  Probe (Chrono Boost)  
  39  4:25  Probe (Chrono Boost)  
  39  4:28  Probe (Chrono Boost)  
  41  4:33  Stargate  
  41  4:36  Probe (Chrono Boost)  
  41  4:37  Adept  
  44  4:39  Probe (Chrono Boost)  
  44  4:45  Photon Cannon  
  45  4:46  Probe (Chrono Boost)  
  45  4:49  Probe (Chrono Boost)  
  45  4:51  Oracle  
  47  4:54  Pylon  
  47  4:59  Probe (Chrono Boost)  
  51  5:01  Probe (Chrono Boost)  
  52  5:10  Adept  
  54  5:16  Oracle  
  54  5:19  Assimilator  
  57  5:22  Assimilator, Nexus  
  57  5:25  Pylon  
  57  5:28  Pylon, Oracle  
  60  5:51  Oracle  
  63  6:03  Probe (Chrono Boost)  
  65  6:04  Probe (Chrono Boost)  
  65  6:06  Photon Cannon  
  65  6:07  Photon Cannon  
  65  6:11  Photon Cannon  
  65  6:14  Probe (Chrono Boost), Photon Cannon  
  65  6:16  Assimilator, Probe (Chrono Boost)  
  67  6:20  Assimilator  
  67  6:26  Oracle  
  70  6:59  Oracle  
  70  7:00  Probe (Chrono Boost)  
  75  7:01  Probe (Chrono Boost)  
  75  7:09  Oracle  
  75  7:10  Gateway  
  75  7:11  Gateway  
  75  7:14  Gateway  
  78  7:19  Gateway  
  78  7:21  Gateway  
  78  7:36  Oracle  
  81  7:40  Oracle  
  81  7:43  Warp Gate  
  84  7:55  Probe (Chrono Boost)  
  85  8:12  Oracle  
  88  8:29  Nexus  
  88  8:30  Pylon  
  88  8:32  Pylon  
  88  8:34  Void Ray  
  85  8:40  Nexus  
  86  8:42  Pylon  
  86  8:44  Stargate  
  86  8:45  Pylon, Zealot x4, Stargate  
  86  8:46  Zealot  
  96  8:49  Zealot  
  96  8:54  Twilight Council  
  98  8:57  Probe (Chrono Boost), Pylon  
  98  8:59  Probe x2 (Chrono Boost)  
  98  9:00  Pylon  
  101  9:08  Photon Cannon  
  102  9:10  Photon Cannon  
  102  9:11  Probe (Chrono Boost), Void Ray  
  102  9:12  Photon Cannon  
  102  9:14  Photon Cannon, Void Ray  
  102  9:15  Zealot  
  102  9:16  Zealot x2  
  112  9:20  Pylon  
  116  9:29  Void Ray  
  117  9:57  Void Ray  
  117  9:59  Void Ray  
  118  10:05  Void Ray  
  120  10:11  Charge  
  120  10:21  Void Ray  
  124  10:36  Void Ray  
  124  10:40  Zealot x5, Void Ray  
  142  10:48  Void Ray  
  142  10:49  Probe x3 (Chrono Boost)  
  151  10:50  Probe x2 (Chrono Boost)  
  151  10:52  Zealot  
  153  11:01  Zealot x3  
  153  11:02  Zealot x2  
  163  11:04  Void Ray  
  167  11:15  Probe x3 (Chrono Boost), Photon Cannon  
  167  11:16  Probe x2 (Chrono Boost)  
  167  11:17  Photon Cannon  
  167  11:18  Photon Cannon  
  172  11:22  Zealot x4  
  172  11:23  Zealot  
  182  11:28  Probe (Chrono Boost)  
  183  11:41  Photon Cannon  
  183  11:45  Zealot x2  
Show
View Real Time Build Order
Export as new Build Order

DuckKiller Protoss 

Build Orders:  

Get SALT Encoding   

  12  0:01  Probe (Chrono Boost)  
  13  0:11  Probe (Chrono Boost)  
  14  0:22  Probe (Chrono Boost)  
  14  0:24  Pylon  
  15  0:42  Probe (Chrono Boost)  
  16  0:46  Gateway  
  16  0:48  Assimilator  
  16  0:54  Probe (Chrono Boost)  
  17  1:01  Pylon  
  17  1:04  Probe (Chrono Boost)  
  18  1:15  Probe (Chrono Boost)  
  20  1:25  Probe (Chrono Boost)  
  20  1:30  Assimilator  
  21  1:42  Cybernetics Core  
  20  2:03  Warp Gate  
  20  2:04  Gateway  
  20  2:05  Probe (Chrono Boost)  
  21  2:25  Probe (Chrono Boost), Adept  
  24  2:39  Probe (Chrono Boost)  
  24  2:42  Nexus  
  27  3:01  Mothership Core (Chrono Boost)  
  27  3:04  Pylon  
  27  3:11  Pylon  
  28  3:21  Probe (Chrono Boost)  
  28  3:33  Probe (Chrono Boost)  
  29  3:45  Probe (Chrono Boost)  
  32  3:57  Probe (Chrono Boost)  
  29  4:05  Probe (Chrono Boost)  
  29  4:06  Robotics Facility  
  29  4:08  Gateway  
  29  4:09  Probe (Chrono Boost)  
  31  4:13  Pylon  
  31  4:15  Adept  
  31  4:16  Adept  
  35  4:17  Probe (Chrono Boost)  
  35  4:21  Probe (Chrono Boost)  
  37  4:38  Adept x2  
  41  4:41  Probe (Chrono Boost)  
  41  4:42  Probe (Chrono Boost)  
  41  4:44  Assimilator  
  43  4:47  Assimilator  
  43  4:51  Probe (Chrono Boost), Pylon  
  45  4:54  Probe (Chrono Boost), Pylon  
  45  5:02  Observer  
  45  5:03  Robotics Bay  
  45  5:05  Probe (Chrono Boost)  
  45  5:06  Probe (Chrono Boost)  
  48  5:15  Probe (Chrono Boost)  
  48  5:18  Probe (Chrono Boost)  
  50  5:30  Probe (Chrono Boost)  
  51  5:39  Probe (Chrono Boost)  
  53  5:42  Probe (Chrono Boost)  
  39  5:58  Stalker x3  
  39  6:02  Probe (Chrono Boost)  
  39  6:03  Probe (Chrono Boost)  
  43  6:12  Pylon  
  43  6:14  Extended Thermal Lance  
  43  6:30  Forge  
  43  6:32  Forge  
  39  6:42  Colossus  
  39  6:45  Probe (Chrono Boost)  
  39  6:47  Probe (Chrono Boost)  
  39  6:48  Adept x2  
  49  6:59  Probe (Chrono Boost)  
  49  7:01  Probe (Chrono Boost)  
  51  7:02  Adept  
  53  7:09  Pylon  
  53  7:11  Pylon  
  50  7:18  Probe (Chrono Boost)  
  50  7:19  Probe (Chrono Boost)  
  47  7:23  Stalker x2  
  47  7:24  Stalker  
  47  7:29  Probe (Chrono Boost)  
  52  7:39  Probe (Chrono Boost)  
  52  7:40  Probe (Chrono Boost)  
  54  7:48  Protoss Ground Weapons Level 1  
  54  7:50  Protoss Ground Armor Level 1  
  54  7:52  Probe (Chrono Boost)  
  55  8:05  Stalker  
  52  8:12  Pylon  
  52  8:16  Stalker  
  48  8:21  Stalker  
  48  8:23  Probe (Chrono Boost)  
  48  8:24  Probe (Chrono Boost)  
  40  8:37  Probe x2 (Chrono Boost)  
  42  8:51  Probe x2 (Chrono Boost)  
  42  9:02  Probe x2 (Chrono Boost)  
  44  9:17  Probe x2 (Chrono Boost)  
  46  9:28  Probe x2 (Chrono Boost)  
  48  9:32  Twilight Council  
  42  10:07  Probe x2 (Chrono Boost)  
  42  10:17  Probe (Chrono Boost)  
  42  10:18  Probe (Chrono Boost)  
  41  10:28  Probe (Chrono Boost)  
  43  10:33  Mothership Core (Chrono Boost)  
  44  10:38  Probe (Chrono Boost)  
  45  10:49  Probe (Chrono Boost)  
  46  10:51  Probe (Chrono Boost)  
  47  10:59  Probe (Chrono Boost)  
  47  11:01  Stalker  
  47  11:02  Probe (Chrono Boost)  
  51  11:10  Probe (Chrono Boost)  
  52  11:12  Probe (Chrono Boost)  
  53  11:19  Stalker  
  53  11:21  Probe (Chrono Boost), Stalker  
  53  11:23  Probe (Chrono Boost)  
  59  11:32  Probe (Chrono Boost)  
  59  11:33  Probe (Chrono Boost)  
  60  11:44  Probe (Chrono Boost)  
Show
View Real Time Build Order
Export as new Build Order

efelinto Terran 

Build Orders:  

Get SALT Encoding   

  12  0:02  SCV  
  13  0:14  SCV  
  14  0:24  Supply Depot  
  14  0:26  SCV  
  15  0:45  SCV  
  16  0:52  Barracks  
  16  0:57  Refinery  
  16  0:58  SCV  
  17  1:10  SCV  
  18  1:32  SCV  
  19  1:41  Marine  
  19  1:47  Supply Depot, SCV  
  21  1:49  Refinery  
  21  1:59  Command Center, SCV  
  22  2:11  SCV  
  23  2:19  Reaper  
  24  2:23  SCV  
  25  2:31  Factory  
  25  2:37  Orbital Command  
  25  3:01  Barracks Reactor  
  25  3:02  SCV  
  26  3:14  SCV  
  26  3:18  Widow Mine  
  28  3:25  Engineering Bay  
  28  3:26  SCV  
  29  3:30  Starport  
  29  3:38  SCV  
  30  3:46  Widow Mine  
  32  3:51  SCV  
  33  4:01  SCV  
  34  4:03  SCV  
  35  4:13  SCV  
  35  4:14  Starport Reactor  
  35  4:15  SCV  
  37  4:19  Marine x2  
  39  4:25  SCV  
  40  4:37  Marine x2  
  40  4:38  Orbital Command  
  42  4:43  SCV  
  43  4:50  Cyclone  
  46  4:55  Supply Depot  
  46  4:58  Supply Depot  
  46  5:01  Supply Depot  
  46  5:17  Medivac x2, Marine x2, SCV x2  
  54  5:22  Cyclone  
  57  5:29  SCV x2  
  57  5:34  Marine x2  
  61  5:41  Refinery, SCV x2  
  63  5:50  Command Center  
  63  5:52  Marine x2  
  63  5:53  Armory  
  63  5:54  SCV x2  
  67  6:02  Refinery  
  67  6:06  SCV x2  
  67  6:10  Marine  
  67  6:11  Barracks  
  70  6:13  Terran Infantry Weapons Level 1  
  70  6:14  Barracks  
  70  6:18  Factory Tech Lab  
  70  6:22  Supply Depot  
  70  6:23  Supply Depot  
  70  6:26  Supply Depot  
  70  6:27  Supply Depot  
  70  6:28  Marine  
  70  6:41  Missile Turret  
  70  6:43  Marine  
  70  6:45  Missile Turret  
  70  6:46  Marine  
  69  7:01  Marine  
  69  7:05  Thor  
  76  7:09  Marine  
  77  7:19  Marine  
  78  7:27  Marine  
  79  7:37  Marine  
  79  7:39  Missile Turret  
  80  7:44  Marine  
  80  7:48  Thor  
  87  7:55  Marine  
  87  7:56  Barracks Tech Lab  
  88  8:01  Missile Turret  
  88  8:02  Marine  
  88  8:12  SCV  
  89  8:13  Marine  
  89  8:15  Viking  
  89  8:16  Viking  
  94  8:20  Marine  
  95  8:30  Marine  
  95  8:31  Thor  
  100  8:38  Marine  
  100  8:40  Missile Turret  
  101  8:43  Terran Vehicle Weapons Level 1  
  101  8:47  Stimpack  
  101  8:54  SCV x3  
  104  9:00  Missile Turret  
  104  9:06  SCV x3  
  107  9:12  Missile Turret  
  107  9:21  Missile Turret  
  107  9:22  Marine  
  108  9:32  Missile Turret  
  108  9:36  Thor  
  114  9:40  Marine  
  114  9:41  Missile Turret  
  115  9:54  Missile Turret  
  115  9:58  Marine  
  115  9:59  Supply Depot  
  116  10:01  Supply Depot x2  
  110  10:14  Missile Turret  
  110  10:16  Marine  
  107  10:26  Supply Depot  
  107  10:28  Missile Turret  
  107  10:33  Missile Turret, Marine, SCV  
  109  10:37  Refinery  
  109  10:46  Sensor Tower  
  109  10:47  SCV x2  
  109  10:48  SCV  
  109  10:49  Missile Turret  
  112  10:57  Thor  
  112  10:59  SCV x2  
  112  11:00  Refinery, SCV  
  112  11:02  Marine  
  112  11:03  Marine  
  123  11:11  Missile Turret  
  123  11:20  Marine  
  123  11:21  Marine  
  122  11:38  Marine x2  
Tags
 
Add a new tag
Caveats
  • Supply blocks, unpowered buildings, or Contaminate may cause inaccurate times.
  • Supply counts are checked every 10 seconds.